 Dungeon Crawl Stone Soup version 0.13-a0-1585-g6f4f798 (webtiles) character file.

133 Kae the Chiller (level 2, -4/19 HPs)
             Began as a Demonspawn Ice Elementalist on June 12, 2013.
             Slain by Bastard's ghost (6 damage)
             ... on Level 3 of the Dungeon.
             The game lasted 00:01:55 (1168 turns).

Kae the Chiller (Demonspawn Ice Elementalist)       Turns: 1168, Time: 00:01:55

HP  -4/19        AC  2     Str  8      XL: 2   Next: 72%
MP   2/4         EV 12     Int 16      God:
Gold 110         SH  0     Dex 13      Spells:  2 memorised,  1 level left

Res.Fire  : . . .   See Invis. : .   (no weapon)
Res.Cold  : . . .   Warding    : .   a - +0 robe
Life Prot.: . . .   Conserve   : .   (no shield)
Res.Poison: .       Res.Corr.  : .   (no helmet)
Res.Elec. : .       Clarity    : .   (no cloak)
Sust.Abil.: . .     Spirit.Shd : .   (no gloves)
Res.Mut.  : .       Stasis     : .   (no boots)
Res.Rott. : .       Flight     : .   (no amulet)
Saprovore : . . .                    (no ring)
                                     (no ring)

@: not resistant to hostile enchantments, fairly stealthy
A: spiny 1
a: no special abilities


You were on level 3 of the Dungeon.
You were hungry.

You visited 1 branch of the dungeon, and saw 3 of its levels.

You collected 90 gold pieces.

Inventory:

Armour
 a - a +0 robe (worn)
Comestibles
 c - 2 bread rations
 f - an apple
 k - a pear
 o - a meat ration
Scrolls
 e - a scroll of enchant weapon II {unknown}
 g - a scroll of remove curse {unknown}
 h - a scroll of curse armour {unknown}
 m - a scroll of curse jewellery {unknown}
 p - 2 scrolls of identify {unknown}
 r - a scroll of enchant armour {unknown}
Jewellery
 l - an uncursed ring of life protection {unknown}
Potions
 d - a potion of heal wounds {unknown}
 i - a potion of paralysis {unknown}
 j - a potion of curing {unknown}
 q - a potion of speed {unknown}
 s - a potion of poison {unknown}
Books
 b - a book of Frost

   Spells                             Type                      Level
   *Freeze                            Ice                          1
   *Throw Frost                       Conjuration/Ice              2
   Ozocubu's Armour                   Charms/Ice                   3
   Throw Icicle                       Conjuration/Ice              4
   Summon Ice Beast                   Ice/Summoning                4
   Condensation Shield                Ice                          4


   Skills:
 + Level 0.4 Fighting
 - Level 1.7 Dodging
 - Level 1.7 Stealth
 + Level 1.5 Spellcasting
 * Level 1.0 Conjurations
 * Level 3.3 Ice Magic


You had one spell level left.
You knew the following spells:

 Your Spells              Type           Power        Failure   Level  Hunger
a - Freeze                Ice            ##..         8%          1    ##.....
b - Throw Frost           Conj/Ice       #.....       14%         2    ###....


Dungeon Overview and Level Annotations

Branches:
Dungeon (3/27)

Altars:

Annotations
D:3 Bastard's ghost, average HEGl


Innate Abilities, Weirdness & Mutations

You are partially covered in sharp spines.


Message History

* * * LOW HITPOINT WARNING * * *
Casting: Freeze
Confirm with . or Enter, or press ? or * to list all spells.
Aiming: Freeze
Press: ? - help, Shift-Dir - straight line, f/p - Bastard's ghost
Aim: Bastard's ghost (moderately damaged)
You freeze Bastard's ghost.
Bastard's ghost is moderately damaged.
You are feeling hungry.
Bastard's ghost dodges your spines. Bastard's ghost hits you.
* * * LOW HITPOINT WARNING * * *
Casting: Freeze
Confirm with . or Enter, or press ? or * to list all spells.
You don't have enough magic to cast that spell.
All of the chunks of flesh in your inventory have completely rotted away.
You see here a glowing bone ring.
Found a white potion.
There is a stone staircase leading up here.
Bastard's ghost dodges your spines. Bastard's ghost hits you.
You die...

. ### #.. ..# #.. #.#
#..##.##### ##
###......... !.
.........##.# .#
#..#.<##.####..#
#.........p@...#
#..##..##=####.#.....
#. #..##.# # .
#.###..##.#
#......##.#
#####..##.#####..
#.............
#.....#####.. #######


You could see Bastard's ghost.

Vanquished Creatures
  2 giant geckos (D:2)
  An ooze (D:2)
  3 bats (D:1)
  2 goblins (D:1)
  A hobgoblin (D:1)
  2 kobolds
  4 giant newts
  6 rats (D:1)
21 creatures vanquished.

Notes
Turn   | Place    | Note
--------------------------------------------------------------
     0 | D:1      | Kae, the Demonspawn Ice Elementalist, began the quest for the Orb.
     0 | D:1      | Reached XP level 1. HP: 13/13 MP: 3/3
   456 | D:1      | Reached skill level 3 in Ice Magic
   459 | D:1      | Gained mutation: You are partially covered in sharp spines. [demonic ancestry]
   459 | D:1      | Reached XP level 2. HP: 19/19 MP: 4/4
  1123 | D:2      | Learned a level 2 spell: Throw Frost
  1142 | D:3      | Noticed Bastard's ghost (average HEGl)
  1168 | D:3      | Slain by Bastard's ghost

Action                   || total
-------------------------++-------
Melee: Unarmed           ||    38
 Cast: Freeze            ||    28
